 Dungeon Crawl Stone Soup version 0.29-a0-520-gc852659d43 (webtiles) character file.

Game seed: 13077979727237131053

77 hquester1 the Insei (level 4, -3/29 HPs)
             Began as an Octopode Transmuter on May 31, 2022.
             Slain by a worm (10 damage)
             ... on level 3 of the Dungeon.
             The game lasted 00:06:50 (2113 turns).

hquester1 the Insei (Octopode Transmuter)           Turns: 2113, Time: 00:06:51

Health: -3/29      AC:  1    Str:  9    XL:     4   Next: 33%
Magic:  7/7        EV: 13    Int: 15    God:
Gold:   124        SH:  0    Dex: 14    Spells: 7/8 levels left

rFire   . . .      SeeInvis .   l - +2 short sword (vamp)
rCold   + . .      Faith    .   (no shield)
rNeg    . . .      Spirit   .   (helmet restricted)
rPois   .          Reflect  .   (no amulet)
rElec   .          Harm     .   c - ring of protection from cold
rCorr   .          Rampage  .   (no ring)
Will    .....                   (no ring)
Stlth   ++........              (no ring)
HPRegen 0.09/turn               (no ring)
MPRegen 0.10/turn               (no ring)
                                (no ring)
                                (no ring)

@: no status effects
A: almost no armour, amphibious, 8 rings, camouflage 1, gelatinous body 1,
(nimble swimmer 1), tentacles
a: no special abilities


You were on level 3 of the Dungeon.
You visited 1 branch of the dungeon, and saw 3 of its levels.

You collected 124 gold pieces.

Inventory:

Hand Weapons
 d - a +1 dagger of speed
 l - a +2 vampiric short sword (weapon)
 s - a +0 long sword
Jewellery
 c - a ring of protection from cold (left tentacle)
 e - a ring of fire
 p - an amulet of the acrobat
Scrolls
 f - 2 scrolls of noise {unknown}
 h - a scroll of immolation {unknown}
 k - 3 scrolls of identify {unknown}
 m - a scroll of blinking {unknown}
 n - a scroll of fear {unknown}
 o - a scroll of fog {unknown}
 q - a scroll of teleportation {unknown}
 r - a scroll of poison {unknown}
Potions
 a - 2 potions of lignification
 b - a potion of berserk rage {unknown}
 g - a potion of flight {unknown}
 i - a potion of cancellation {unknown}
 j - 3 potions of haste {unknown}


   Skills:
 + Level 1.9 Fighting
 + Level 2.5 Dodging
 + Level 0.3 Stealth
 + Level 3.5 Unarmed Combat
 + Level 2.5 Spellcasting
 + Level 2.6 Transmutations


You had 7 spell levels left.
You knew the following spells:

 Your Spells              Type           Power      Damage    Failure   Level
a - Beastly Appendage     Tmut           18%        N/A       8%          1

Your spell library contained the following spells:

 Spells                   Type           Power      Damage    Failure   Level
 Wereblood                Tmut           9%         N/A       11%         2
 Spider Form              Tmut/Pois      5%         N/A       36%         3
 Ice Form                 Ice/Tmut       5%         N/A       77%         4


Dungeon Overview and Level Annotations

Branches:
Dungeon (3/15)

Altars:
Vehumet


Innate Abilities, Weirdness & Mutations

You cannot wear most types of armour.
You are amphibious.
You can wear up to eight rings at the same time.
Your skin changes colour to match your surroundings (Stealth+).
Your rubbery body absorbs attacks. (AC +1, EV +1)
((You are camouflaged when in or above water. (Stealth+)))
You have tentacles for arms and can constrict up to eight enemies at once.


Message History

A worm comes into view.
The rat bites you. The adder bites you.
You barely miss the adder. Your grab misses the adder. You squeeze the adder.
The adder is moderately wounded.
The adder bites you.
The rat twitches its whiskers.
The rat barely misses you.
You barely miss the adder. Your grab misses the adder.
The adder is moderately wounded.
The adder closely misses you. The rat barely misses you.
The adder bites you but does no damage.
You barely miss the adder. Your grab misses the adder.
The adder is moderately wounded.
The adder bites you. The rat barely misses you.
You completely miss the adder. Your grab misses the adder.
The adder is moderately wounded.
The adder bites you. The rat bites you. The adder bites you.
You closely miss the adder. Your grab misses the adder.
The adder is lightly wounded.
The rat bites you. The adder barely misses you.
You hit the adder. Your grab misses the adder. You squeeze the adder.
You kill the adder!
The rat barely misses you.
You barely miss the rat. You grab the rat. You constrict the rat.
You kill the rat!
You hit the worm but do no damage. You grab the worm. You squeeze the worm.
The worm is moderately wounded.
You constrict the worm, but do no damage.
The worm bites you.
You hit the worm.
You feel better.
The worm is heavily wounded.
You constrict the worm. You hit the worm but do no damage.
The worm is heavily wounded.
You constrict the worm. The worm bites you.
* * * LOW HITPOINT WARNING * * *
You hit the worm.
You feel better.
The worm is severely wounded.
You constrict the worm. The worm bites you!
You die...

################.#
#................#
#...##############
#...#############
#..$....†.......#
#.........#####.##
#>............)...+
#.##.#####+##..#.##
#. #.#......w@.# #
#. #.#.......[.#
#.#......#.##
.$#####..... ####..
####


You could see a worm.

Vanquished Creatures
  2 adders
  4 endoplasms
  A giant cockroach (D:2)
  11 goblins
  6 hobgoblins
  2 quokkas
  5 ball pythons
  7 bats
  3 frilled lizards
  9 kobolds
  4 rats
54 creatures vanquished.

Notes
Turn   | Place    | Note
-------+----------+-------------------------------------------
     0 | D:1      | hquester1 the Octopode Transmuter began the quest for the
                  | Orb.
     0 | D:1      | Reached XP level 1. HP: 13/13 MP: 3/3
   125 | D:1      | Reached XP level 2. HP: 18/18 MP: 5/5
   592 | D:1      | Reached XP level 3. HP: 11/23 MP: 6/6
   976 | D:1      | Found a faded altar of an unknown god.
  1535 | D:2      | Reached XP level 4. HP: 29/29 MP: 7/7
  2026 | D:2      | Found a radiant altar of Vehumet.
  2113 | D:3      | Slain by a worm

Illustrated notes

Levels and vault maps discovered:
D:1:      spicycebolla_arrival_transporter_tutorial, layout_loops_ring,
          dreamdust_ecumenical_altar_hidden_monk_grotto, minivault_26,
          minmay_split_cup_large
D:2:      cheibrodos_old_hovel, layout_loops_ring, basic_altar
D:3:      layout_basic, slow_altar_1

Action                   |  1- 3 |  4- 6 || total
-------------------------+-------+-------++-------
Melee: Unarmed           |     6 |       ||     6
       Dagger            |    27 |       ||    27
       Constrict         |    26 |     4 ||    30
       Tentacles         |    11 |     5 ||    16
       Short sword       |    50 |    23 ||    73
       Punch             |     1 |     1 ||     2
 Stab: Sleeping          |     8 |     2 ||    10
Armor: Skin              |     7 |     2 ||     9
Dodge: Dodged            |    46 |    11 ||    57

Table legend: (Time is in decaauts)
 A = Elapsed time spent in this place.
 B = Non-inter-level travel time spent in this place.
 C = Inter-level travel time spent in this place.
 D = Time resting spent in this place.
 E = Time spent auto-exploring this place.
 F = Levels seen in this place.
 G = Mean time per level.
                   A        B        C        D        E       F      G
               +--------+--------+--------+--------+--------+-----+--------+
         Total |   2109 |   2053 |     56 |     73 |   1503 |   3 |  703.0 |
       Dungeon |   2109 |   2053 |     56 |     73 |   1503 |   3 |  703.0 |
               +--------+--------+--------+--------+--------+-----+--------+

Top non-repeatable levels by time:
     D:1: 1155 daAuts
     D:2: 895 daAuts
     D:3: 58 daAuts
